 Dungeon Sprint DCSS version 0.31-a0-18-gea43df2a32 (webtiles) character file.

Game seed: 222330755691171394

438 bmack86 the Cleaver (level 6, -10/75 (100) HPs)
             Began as a Minotaur Berserker on May 10, 2023.
             Was a Believer of Trog.
             Mangled by a red devil
             ... wielding a +0 demon trident of draining
             ... summoned by a kobold demonologist
              (13 damage)
             ... while paralysed by a floating eye
             ... in the Dungeon (Sprint I: "Red Sonja").
             The game lasted 00:01:15 (247 turns).

bmack86 the Cleaver (Minotaur Berserker)             Turns: 247, Time: 00:01:16

HP:   -10/75 (100)  AC:  2    Str: 23    XL:     6   Next: 69%
MP:   5/5           EV:  2    Int:  4    God:    Trog [**....]
Gold: 270           SH:  0    Dex: 10    Spells: 5/5 levels left

rFire   . . .        k - +1 scythe (flame)
rCold   . . .        (shield currently unavailable)
rNeg    . . .        b - +0 animal skin
rPois   .            (helmet restricted)
rElec   .            (no cloak)
rCorr   .            (no gloves)
SInv    .            (no boots)
Will    .....        (no amulet) Stlth
                     (no ring)
HPRegen 0.32/turn    (no ring)
MPRegen 0.09/turn

%: no teleportation
@: paralysed, berserking (expiring), spiked, very heavily drained
A: horns 2, retaliatory headbutt
a: Renounce Religion, Berserk, Trog's Hand


You were in the Dungeon.
You worshipped Trog.
Trog was pleased with you.
You visited 1 branch You collected 270 gold pieces.

Inventory:

Hand Weapons
 a - a +0 hand axe
 k - a +1 scythe of flaming (weapon)
Armour
 b - a +0 animal skin (worn)
 j - a +0 leather armour
Wands
 i - a wand of flame (13)
Scrolls
 h - a scroll of blinking
Potions
 c - a potion of curing
 d - a potion of heal wounds
 e - a potion of haste
 f - 2 potions of magic
 g - a potion of berserk rage


   Skills:
 + Level 10.7 Fighting
 + Level 10.7 Axes
 + Level 9.7 Armour
 - Level 3.1 Dodging


You had 5 spell levels left.
You didn't know any spells.
Your spell library was empty.

Dungeon Overview and Level Annotations

Branches:
Dungeon (1/1)

Altars:
Makhleb
Xom
Jiyva
Lugonu


Innate Abilities, Weirdness & Mutations

You have a pair of horns on your head.
You reflexively headbutt those who attack you in melee.


Message History

The iron imp hits you!
The red devil hits you from afar with a +0 demon trident of draining!!
* * * LOW HITPOINT WARNING * * *
Barbed spikes become lodged in your body.
You feel drained.
* * * LOW HITPOINT WARNING * * *
You barely miss the kobold demonologist.
The kobold demonologist is moderately wounded.
The kobold demonologist hits you with a +0 dagger of draining.
* * * LOW HITPOINT WARNING * * *
You feel drained.
The kobold demonologist casts a cantrip, but nothing happens.
The red devil hits you from afar with a +0 demon trident of draining.
* * * LOW HITPOINT WARNING * * *
Barbed spikes become lodged in your body.
You feel drained.
* * * LOW HITPOINT WARNING * * *
The iron imp misses you.
You barely miss the kobold demonologist.
The kobold demonologist is moderately wounded.
The kobold demonologist hits you with a +0 dagger.
* * * LOW HITPOINT WARNING * * *
The kobold demonologist barely misses you.
You furiously retaliate!
You headbutt the kobold demonologist!
Unknown command.
You closely miss the kobold demonologist.
Your headbutt misses the kobold demonologist.
The kobold demonologist is heavily wounded.
The red devil closely misses you. The iron imp misses you.
You furiously retaliate!
You headbutt the iron imp!
The kobold demonologist hits you with a +0 dagger of draining.
* * * LOW HITPOINT WARNING * * *
You feel drained.
* * * LOW HITPOINT WARNING * * *
The floating eye gazes piercingly through you!
You suddenly lose the ability to move!
The kobold demonologist hits you with a +0 dagger.
* * * LOW HITPOINT WARNING * * *
The red devil hits you from afar with a +0 demon trident of draining!
You die...

#####################
.)..#..'..#__#.5@KG.#
.#..'[.#..'..'..#K4.#
###'#####+#__####5..+
#..# #### #### ####


You could see 2 kobold demonologists, a red devil (summoned), a floating eye and
2 iron imps.

Vanquished Creatures
  A slime creature (D)
  Sigmund (D)
  An ogre (D)
  Ijyb (D)
4 creatures vanquished.

Notes
Turn   | Place    | Note
-------+----------+-------------------------------------------
     0 | D        | bmack86 the Minotaur Berserker began the quest for the Orb.
     0 | D        | Reached XP level 1. HP: 19/19 MP: 0/0
     2 | D        | Noticed Ijyb
    14 | D        | Killed Ijyb
    15 | D        | Reached skill level 5 in Fighting
    15 | D        | Reached skill level 5 in Axes
    15 | D        | Reached XP level 2. HP: 11/29 MP: 1/1
    91 | D        | Noticed an ogre
    96 | D        | Killed an ogre
    97 | D        | Reached skill level 5 in Armour
    97 | D        | Reached XP level 3. HP: 33/39 MP: 2/2
    97 | D        | Reached XP level 4. HP: 40/47 MP: 3/3
   153 | D        | Noticed Sigmund
   162 | D        | Killed Sigmund
   162 | D        | Reached ** piety under Trog
   163 | D        | Reached XP level 5. HP: 57/57 MP: 4/4
   163 | D        | Reached XP level 6. HP: 64/64 MP: 5/5
   197 | D        | Found a burning altar of Makhleb.
   197 | D        | Found a viscous altar of Jiyva.
   197 | D        | Found a shimmering altar of Xom.
   197 | D        | Found a corrupted altar of Lugonu.
   197 | D        | Noticed a slime creature
   202 | D        | Killed a slime creature
   203 | D        | Reached skill level 10 in Fighting
   203 | D        | Reached skill level 10 in Axes
   236 | D        | Noticed a kobold demonologist
   236 | D        | Noticed a floating eye
   236 | D        | Noticed a kobold demonologist
   238 | D        | Noticed a red devil
   238 | D        | Paralysed by a floating eye for 2 turns
   246 | D        | Paralysed by a floating eye for 4 turns
   246 | D        | HP: 3/75 [kobold demonologist/+0 dagger (3)]
   247 | D        | Mangled by a red devil

Illustrated notes

Levels and vault maps discovered:
D:        dungeon_sprint_1 [red_sonja_temple_1, red_sonja_temple_small_1]

Skill      XL: |  1  2  3  4  5  6 |
---------------+-------------------+-----
Fighting       | 5 7 9 10 | 10.7
Axes           | 5 7 9 10 | 10.7
Armour         | 3 5 8 9 |  9.7
Dodging        | 3 |  3.1

Action                     |  1- 3 |  4- 6 || total
---------------------------+-------+-------++-------
  Melee: Hand axe          |    14 |     7 ||    21
         Headbutt          |     2 |     1 ||     3
         Halberd           |       |    11 ||    11
 Invoke: Berserk           |     2 |     3 ||     5
 Armour: Animal skin       |       |     1 ||     1
  Dodge: Dodged            |     5 |     7 ||    12

Table legend: (Time is in decaauts)
 A = Elapsed time spent in this place.
 B = Non-inter-level travel time spent in this place.
 C = Inter-level travel time spent in this place.
 D = Time resting spent in this place.
 E = Time spent auto-exploring this place.
 F = Levels seen in this place.
 G = Mean time per level.
                   A        B        C        D        E       F      G
               +--------+--------+--------+--------+--------+-----+--------+
         Total |    283 |    283 |      0 |    181 |      0 |   1 |  283.0 |
       Dungeon |    283 |    283 |      0 |    181 |      0 |   1 |  283.0 |
               +--------+--------+--------+--------+--------+-----+--------+

Top non-repeatable levels by time:
       D: 283 daAuts
